Map: New Repugnancy LE

Players

nikita - Winner!

  • Race: Terran Terran
  • League: Master
  • Spawn Location: 7:00

Mez

  • Race: Terran Terran
  • League: Master
  • Spawn Location: 1:00

VOD

Have the link to the VOD?

Description

Time

  • Played on: July 31, 2019, 4:23 a.m.
  • Length: 6:40
Show
View Real Time Build Order
Export as new Build Order

nikita Terran - Winner!

Build Orders:  

Get SALT Encoding   

  12  0:00  SCV  
  13  0:13  SCV  
  14  0:18  Supply Depot  
  14  0:25  SCV  
  15  0:30  Refinery  
  15  0:39  SCV  
  16  0:48  Barracks  
  16  0:56  SCV  
  17  1:01  Refinery  
  17  1:09  SCV  
  17  1:20  Supply Depot  
  18  1:31  SCV  
  18  1:37  Factory  
  18  1:44  Reaper  
  19  1:48  SCV  
  20  2:00  SCV  
  21  2:12  SCV  
  22  2:16  Reaper  
  22  2:21  Hellion  
  25  2:29  Orbital Command  
  25  2:42  Hellion  
  27  2:48  Reaper  
  28  2:58  Command Center  
  28  3:12  Factory Tech Lab  
  28  3:13  Starport  
  28  3:16  SCV  
  29  3:23  Barracks Reactor  
  29  3:24  Supply Depot  
  29  3:29  SCV  
  30  3:43  SCV  
  30  3:45  Cyclone  
  32  4:00  Marine x2  
  32  4:02  Starport Tech Lab  
  31  4:17  Orbital Command  
  31  4:19  SCV  
  31  4:20  Siege Tank  
  31  4:21  Marine x2  
  31  4:22  Raven  
  37  4:33  SCV  
  38  4:38  Supply Depot  
  38  4:40  Marine x2  
  38  4:43  SCV  
  41  4:45  SCV  
  41  4:52  Siege Tank  
  45  4:58  Marine x2  
  47  5:06  SCV x2  
  46  5:10  Refinery  
  46  5:11  Refinery  
  46  5:13  Barracks  
  46  5:17  Barracks  
  46  5:20  SCV x2  
  46  5:21  Raven  
  46  5:26  Marine  
  46  5:27  Marine  
  50  5:32  SCV x2  
  52  5:38  Supply Depot  
  52  5:44  SCV x2, Marine x2  
  52  5:46  Siege Tank  
  59  5:55  Supply Depot  
  59  5:56  SCV  
  60  6:05  Barracks Reactor  
  60  6:09  Barracks Tech Lab  
  60  6:13  SCV x2  
  60  6:16  Engineering Bay  
  60  6:17  Engineering Bay  
Show
View Real Time Build Order
Export as new Build Order

Mez Terran 

Build Orders:  

Get SALT Encoding   

  12  0:00  SCV  
  13  0:12  SCV  
  14  0:19  Supply Depot  
  14  0:25  SCV  
  15  0:41  SCV  
  16  0:43  Barracks  
  16  0:47  Refinery  
  16  0:53  SCV  
  17  1:03  Barracks  
  17  1:09  SCV  
  18  1:20  Refinery  
  18  1:21  SCV  
  19  1:34  Reaper  
  19  1:35  Orbital Command  
  20  1:51  Reaper  
  21  1:58  Supply Depot  
  21  2:01  SCV  
  21  2:06  Reaper  
  23  2:19  SCV  
  24  2:24  Reaper  
  25  2:38  Reaper  
  26  2:45  Command Center  
  26  2:48  Barracks  
  26  2:50  Supply Depot  
  25  2:54  SCV  
  25  2:56  Reaper  
  27  3:06  SCV  
  28  3:14  Barracks Tech Lab  
  28  3:19  SCV, Supply Depot  
  28  3:31  Barracks Reactor  
  28  3:33  Marauder  
  30  3:34  Concussive Shells  
  30  3:36  SCV  
  26  3:57  Marine, Marauder  
  24  4:17  Marine x2  
  24  4:18  SCV, Marine  
  24  4:20  Stimpack  
  24  4:22  Orbital Command  
  28  4:25  Marine  
  28  4:26  Command Center  
  29  4:34  Engineering Bay  
  29  4:35  Marine  
  29  4:36  Barracks Tech Lab  
  30  4:41  SCV  
  31  4:49  SCV  
  31  4:50  Marine x2  
  34  4:58  SCV  
  34  5:01  SCV  
  34  5:06  Combat Shield, Marine  
  36  5:11  Missile Turret  
  36  5:23  Marine x3  
  36  5:28  SCV  
  40  5:36  Marine  
  40  5:37  SCV  
  40  5:41  Marine  
  43  5:43  Orbital Command  
  43  5:49  Marine x2  
  45  5:55  SCV x2  
  45  6:07  Factory  
  45  6:08  Marine x2  
  45  6:12  SCV x2  
  45  6:16  SCV  
  45  6:18  Marine  
  49  6:24  SCV x2  
Tags
 
Add a new tag
Caveats
  • Supply blocks, unpowered buildings, or Contaminate may cause inaccurate times.
  • Supply counts are checked every 10 seconds.